 Dungeon Crawl Stone Soup version 0.30.1-4-g462c640d31 (webtiles) character file.

Game seed: 5995037235251806877

9436 Mobster the Markshuman (level 11, -6/72 HPs)
             Began as a Human Hunter on Aug 21, 2023.
             Was a Priest of Hepliaklqana.
             Mangled by a catoblepas (29 damage)
             ... on level 2 of the Lair of Beasts.
             The game lasted 01:26:01 (12111 turns).

Mobster the Markshuman (Human Hunter)              Turns: 12111, Time: 01:26:02

Health: -6/72      AC: 16    Str: 11      XL:     11   Next: 74%
Magic:  14/14      EV: 11    Int:  9      God:    Hepliaklqana [***...]
Gold:   582        SH:  0    Dex: 27 (28) Spells: 14/14 levels left

rFire   . . .        a - +2 shortbow (chaos)
rCold   + . .        (shield currently unavailable)
rNeg    . . .        r - +4 scale mail {rC+}
rPois   .            (no helmet)
rElec   .            (no cloak)
rCorr   .            l - +0 pair of gloves
SInv    .            (no boots)
Will    .....        u - amulet of regeneration
Stlth   ++           j - +6 ring of dexterity
HPRegen 1.12/turn    w - +4 ring of protection
MPRegen 0.14/turn

%: no passive effects
@: no status effects
A: reduced essence
a: Renounce Religion, Recall Ancestor, Ancestor Identity, Transference


You were on level 2 of the Lair of Beasts.
You worshipped Hepliaklqana.
Hepliaklqana was most pleased with you.
You visited 3 branches of the dungeon, and saw 11 of its levels.

You collected 582 gold pieces.

Inventory:

Hand Weapons
 a - a +2 shortbow of chaos (weapon)
 c - a +1 dagger of flaming
 g - a +3 spear of freezing
Armour
 l - a +0 pair of gloves (worn)
 r - a +4 scale mail of cold resistance (worn)
Jewellery
 h - a ring of positive energy
 j - a +6 ring of dexterity (left hand)
 k - a ring of flight
 m - a +6 ring of intelligence
 q - a ring of willpower
 u - an amulet of regeneration (around neck)
 w - a +4 ring of protection (right hand)
 B - a ring of protection from cold
Wands
 y - a wand of paralysis (16)
 D - a wand of acid (2)
 G - a wand of flame (11)
Scrolls
 b - 3 scrolls of immolation
 f - a scroll of amnesia
 t - 2 scrolls of teleportation
 C - a scroll of acquirement {unknown}
 E - a scroll of enchant armour {unknown}
 F - a scroll of summoning {unknown}
 H - a scroll of silence
Potions
 d - a potion of invisibility {unknown}
 e - a potion of brilliance
 i - 3 potions of flight
 n - a potion of curing
 p - 3 potions of lignification {unknown}
 s - 3 potions of might
 v - 4 potions of mutation {unknown}
 x - 2 potions of attraction {unknown}
 A - 2 potions of berserk rage


   Skills:
 + Level 6.3 Fighting
 * Level 15.2 Ranged Weapons
 - Level 5.0 Armour
 + Level 4.1 Dodging
 + Level 2.4 Stealth
 - Level 2.0 Spellcasting
 + Level 1.0 Evocations


You had 14 spell levels left.
You didn't know any spells.
Your spell library contained the following spells:

 Spells                   Type           Power      Damage    Failure   Level
 Apportation              Tloc           0%         N/A       86%         1
 Kiss of Death            Conj/Necr      0%         2d5       86%         1
 Necrotise                Necr           4%         1d4       86%         1
 Summon Small Mammal      Summ           0%         N/A       86%         1
 Ensorcelled Hibernation  Hex/Ice        0%         N/A       95%         2
 Passwall                 Tmut/Erth      0%         N/A       95%         2
 Scorch                   Fire           0%         2d5       95%         2
 Sublimation of Blood     Necr           1%         N/A       95%         2
 Portal Projectile        Hex/Tloc       0%         N/A       99%         3
 Swiftness                Air            0%         N/A       99%         3
 Tukima's Dance           Hex            0%         N/A       99%         3
 Animate Dead             Necr           1%         N/A       100%        4
 Flame Wave               Conj/Fire      0%         2d4       100%        4
 Blade Hands              Tmut           0%         N/A       100%        5
 Summon Cactus Giant      Summ           0%         N/A       100%        6
 Borgnjor's Revivificati  Necr           0%         N/A       100%        8
 Necromutation            Tmut/Necr      0%         N/A       100%        8
 Death's Door             Necr           0%         N/A       100%        9


Dungeon Overview and Level Annotations

Branches:
Dungeon (8/15)             Temple (1/1) D:7            Lair (2/5) D:8
  Swamp: Lair:2-3    Shoals: Lair:2-3     Snake: Lair:2-3    Spider: Lair:2-3

Altars:
Ashenzari
Cheibriados
Dithmenos
Elyvilon
Fedhas
Gozag
Hepliaklqana
Kikubaaqudgha
Makhleb
Nemelex Xobeh
Okawaru
Qazlal
Ru
Sif Muna
Trog
Uskayaw
Vehumet
Wu Jian
Xom
Yredelemnul
Zin
The Shining One

Shops:
D:4 *(

Portals:
Abyss: Lair:1

Annotations:
Lair:1 2 transporters, Keadol's ghost, journeyman DrCj


Message History

The catoblepas is moderately wounded.
You are engulfed in calcifying dust.
Zolin blocks the catoblepas's attack.
Zolin hits the catoblepas with a +0 flail!
The catoblepas gores Zolin but does no damage.
Your limbs are stiffening.
Unknown command.
Fire: a) +2 shortbow (chaos)
Press: ? - help, Q - select action, (/) - cycle Shift-Dir - straight line, f/p - catoblepas
Aim: a catoblepas (moderately wounded, very poisoned, ally target, 92% to hit)
You shoot an arrow. Zolin avoids your attack.
The arrow hits the catoblepas but does no damage.
The catoblepas goes berserk!
The catoblepas is moderately wounded.
You are engulfed in calcifying dust.
The catoblepas gores Zolin.
The catoblepas gores Zolin!
Zolin hits the catoblepas with a +0 flail.
You have turned to stone.
The catoblepas closely misses Zolin.
The catoblepas gores Zolin but does no damage.
Zolin hits the catoblepas but does no damage.
The catoblepas gores Zolin!!!
Zolin is destroyed!
The catoblepas rages.
The catoblepas gores you but does no damage.
The catoblepas gores you!
The catoblepas looks more healthy.
The catoblepas gores you! x2
The catoblepas gores you!!!
* * * LOW HITPOINT WARNING * * *
The catoblepas gores you!
* * * LOW HITPOINT WARNING * * *
You turn to flesh and can move again.
Blink to where?
Press: ? - help, Dir - move target, p - catoblepas
As you read the scroll of blinking, it crumbles to dust.
The catoblepas rages.
There is a stone staircase leading down here.
The catoblepas rages.
As you read the scroll of fog, it crumbles to dust.
The scroll dissolves into smoke.
The catoblepas gores you!!
You die...

#. #..........# ##.#..##.# #
# ##........P# ##.†.#### #
#....>...## ##..# #
##....)....# #.##
#..........# #.# #
#.........## ..# #
##........§#### #... ### #
#.........§Y§§######...##..##
...........§§@§§.......
...[..
.#P........#§###..##..# ###..
#..P###...### .P# # # #..#
##.## # # .#. #.# # . #.P #
P.. #P.# .Y... .#.##


You could see a catoblepas (berserk).

Vanquished Creatures
  5 elephants
  A black mamba (Lair:2)
  A cane toad (Lair:1)
  3 komodo dragons
  3 blink frogs (Lair:2)
  A wyvern (Lair:1)
  9 yaks
  A basilisk (Lair:2)
  Menkaure (D:4)
  5 water moccasins
  3 ice beasts
  An orc warrior (D:6)
  A black bear (D:5)
  An ogre (D:6)
  2 phantoms
  A centaur (D:6)
  5 bullfrogs
  A gnoll sergeant (D:8)
  4 scorpions
  2 wights (D:8)
  3 killer bees (D:8)
  A howler monkey (D:4)
  5 orc priests
  8 hounds
  2 jellies (D:6)
  2 gnoll boudas
  A sleepcap (D:6)
  Terence (D:2)
  6 orc wizards
  Natasha (thrice) (D:2)
  6 iguanas
  12 gnolls
  12 adders
  3 white imps
  3 ufetubi
  2 worms
  2 dart slugs
  20 orcs
  6 bats
  6 endoplasms
  5 giant cockroaches
  5 goblins
  8 hobgoblins
  4 jackals (D:5)
  3 quokkas
  3 ball pythons
  4 frilled lizards
  11 kobolds
  7 rats
205 creatures vanquished.

Vanquished Creatures (collateral kills)
  A basilisk (Lair:2)
  A yak (D:8)
  A water moccasin (Lair:2)
  An orc warrior (D:7)
  A centaur (D:8)
  A phantom (D:6)
  2 wights (D:8)
  A jelly (D:7)
  An orc priest (D:7)
  2 orc wizards (D:8)
  A gnoll (D:8)
  3 orcs
16 creatures vanquished.

Vanquished Creatures (others)
  3 knights (Lair:2)
  A killer bee zombie (D:8)
  3 ancestors
7 creatures vanquished.

Grand Total: 228 creatures vanquished

Notes
Turn   | Place    | Note
-------+----------+-------------------------------------------
     0 | D:1      | Mobster the Human Hunter began the quest for the Orb.
     0 | D:1      | Reached XP level 1. HP: 16/16 MP: 1/1
   162 | D:1      | Reached XP level 2. HP: 22/22 MP: 2/2
   614 | D:1      | Reached XP level 3. HP: 27/27 MP: 3/3
  1111 | D:2      | Reached skill level 5 in Ranged Weapons
  1178 | D:2      | Reached XP level 4. HP: 33/33 MP: 4/4
  1226 | D:2      | Noticed Terence
  1253 | D:2      | Killed Terence
  1451 | D:2      | Noticed Natasha
  1459 | D:2      | Killed Natasha
  1460 | D:2      | Reached skill level 1 in Armour
  1460 | D:2      | Reached XP level 5. HP: 26/38 MP: 5/5
  1653 | D:2      | Noticed Natasha
  1656 | D:2      | Killed Natasha
  1916 | D:2      | Noticed Natasha
  1932 | D:2      | Killed Natasha
  2555 | D:3      | Reached XP level 6. HP: 44/44 MP: 6/6
  3053 | D:4      | Reached skill level 6 in Ranged Weapons
  3058 | D:4      | Found Kebihaimn's Antique Weapon Boutique.
  3233 | D:4      | Reached skill level 1 in Spellcasting
  3233 | D:4      | Reached XP level 7. HP: 51/51 MP: 8/8
  3484 | D:4      | Found an ancient bone altar of Kikubaaqudgha.
  3487 | D:4      | Became a worshipper of Kikubaaqudgha
  3524 | D:4      | Noticed Menkaure
  3531 | D:4      | Killed Menkaure
  3745 | D:4      | Reached skill level 7 in Ranged Weapons
  3919 | D:4      | Found Nuiv's Fire Supplies.
  4003 | D:4      | Identified the +2 falchion "Rumaerib" {speed, *Slow rCorr
                  | Int+8}
  4007 | D:4      | Found a sparkling altar of Nemelex Xobeh.
  4176 | D:5      | Entered Level 5 of the Dungeon
  4176 | D:5      | Noticed a water moccasin
  4194 | D:5      | Killed a water moccasin
  4195 | D:5      | Reached XP level 8. HP: 12/57 MP: 10/10
  4482 | D:5      | Found a shimmering altar of Xom.
  4540 | D:5      | Reached skill level 8 in Ranged Weapons
  4695 | D:5      | Reached * piety under Kikubaaqudgha
  4695 | D:5      | Received a gift from Kikubaaqudgha
  5346 | D:5      | Found a broken altar of Ashenzari.
  5617 | D:6      | Reached skill level 1 in Evocations
  5892 | D:6      | Found a hazy altar of Hepliaklqana.
  5897 | D:6      | Fell from the grace of Kikubaaqudgha
  5897 | D:6      | Became a worshipper of Hepliaklqana the Forgotten
  5933 | D:6      | Reached skill level 9 in Ranged Weapons
  6023 | D:6      | Found a hide-covered altar of Uskayaw.
  6023 | D:6      | Found a shadowy altar of Dithmenos.
  6071 | D:6      | Reached XP level 9. HP: 60/64 MP: 12/12
  6601 | D:6      | Reached skill level 10 in Ranged Weapons
  7033 | D:6      | Reached skill level 11 in Ranged Weapons
  7078 | D:6      | Found a sacrificial altar of Ru.
  7097 | D:6      | Reached * piety under Hepliaklqana
  7715 | D:7      | Reached XP level 10. HP: 56/63 MP: 13/13
  7850 | D:7      | Found a glowing golden altar of the Shining One.
  8010 | D:7      | Found a staircase to the Ecumenical Temple.
  8057 | Temple   | Entered the Ecumenical Temple
  8143 | D:7      | Found a shimmering blue altar of Sif Muna.
  8590 | D:8      | Reached skill level 12 in Ranged Weapons
  9712 | D:8      | Identified the +3 ring mail "Jeerch" {rC+}
  9739 | D:8      | Reached ** piety under Hepliaklqana
  9740 | D:8      | Remembered your ancestor Zolin as a knight
  9800 | D:8      | Found a staircase to the Lair.
  9853 | D:8      | Found an opulent altar of Gozag.
 10193 | Lair:1   | Entered Level 1 of the Lair of Beasts
 10333 | Lair:1   | Noticed a komodo dragon
 10339 | Lair:1   | Killed a komodo dragon
 10340 | Lair:1   | Reached skill level 13 in Ranged Weapons
 10340 | Lair:1   | Reached skill level 5 in Armour
 10371 | Lair:1   | Found a one-way gate to the infinite horrors of the Abyss.
 10371 | Lair:1   | Noticed Keadol's ghost (journeyman DrCj)
 10879 | Lair:1   | Found a transporter.
 10888 | Lair:1   | Noticed a cane toad
 10894 | Lair:1   | Killed a cane toad
 10900 | Lair:1   | Noticed a cyan ugly thing
 10901 | Lair:1   | You fall into a shaft and drop 1 floor!
 10935 | Lair:2   | Noticed a komodo dragon
 10954 | Lair:2   | Killed a komodo dragon
 10981 | Lair:2   | Reached XP level 11. HP: 24/70 MP: 14/14
 10988 | Lair:2   | Reached skill level 5 in Fighting
 11112 | Lair:2   | Noticed an elephant
 11116 | Lair:2   | Noticed an elephant
 11117 | Lair:2   | Noticed an elephant
 11118 | Lair:2   | Killed an elephant
 11118 | Lair:2   | Noticed an elephant
 11119 | Lair:2   | Reached skill level 14 in Ranged Weapons
 11119 | Lair:2   | Noticed an elephant
 11151 | Lair:2   | Killed an elephant
 11422 | Lair:1   | Found a transporter.
 11423 | Lair:1   | Noticed a worldbinder
 11525 | Lair:2   | Reached *** piety under Hepliaklqana
 11535 | Lair:2   | Killed an elephant
 11544 | Lair:2   | Killed an elephant
 11545 | Lair:2   | Noticed a catoblepas
 11565 | Lair:1   | Killed an elephant
 11566 | Lair:1   | Reached skill level 15 in Ranged Weapons
 12086 | Lair:2   | Was forgiven by Kikubaaqudgha
 12111 | Lair:2   | Mangled by a catoblepas

Illustrated notes

Levels and vault maps discovered:
D:1:      wander_arrival_fairy_ring, layout_loops_ring
D:2:      layout_basic, uniq_natasha, uniq_terence
D:3:      layout_basic
D:4:      layout_rooms, mainiacjoe_overflow_24_doors, kennysheep_mini,
          nicolae_take_the_stairs, nicolae_shop_fire_sale
          [nicolae_sub_dead_trees], serial_park_tiny_1, uniq_menkaure
D:5:      layout_rooms, marbit_many_paths, lemuel_doored_altar,
          grunt_decor_junction, grunt_ministairs_4, kennysheep_generic_room_15
D:6:      minmay_bubble_buster, layout_cave_pods,
          nicolae_ru_sacrificial_ziggurat, nzn_hepliaklqana_mist_gate,
          mainiacjoe_overflow_divided_tiny, minmay_fractal_squares_5
D:7:      layout_loops_ring, mainiacjoe_overflow_surrounded_room,
          nicolae_tso_carved_into_rock, minmay_temple_entry_junction_2
D:8:      layout_basic, grunt_gozag_statues, lair_entry_dummy
Temple:   hellmonk_temple_of_storms
Lair:1:   layout_chaotic_city, gammafunk_ghost_abyssal_escape
Lair:2:   layout_small_grid, nicolae_swamp_entry_splash_gauntlet,
          nicolae_spider_entry_tight_spaces

Skill      XL: |  1  2  3  4  5  6  7  8  9 10 11 |
---------------+----------------------------------+-----
Ranged Weapons | 5 6 7 9 11 13 15 | 15.2
Armour         | 1 2 3 4 5 |  5.0
Stealth        | 2 |  2.4
Spellcasting   | 1 2 |  2.0
Evocations     | 1 |  1.0
Fighting       | 3 4 6 |  6.3
Dodging        | 3 4 |  4.1

Action                     |  1- 3 |  4- 6 |  7- 9 | 10-12 || total
---------------------------+-------+-------+-------+-------++-------
  Melee: Dagger            |       |     5 |    20 |       ||    25
   Fire: Shortbow          |    80 |   133 |   322 |   243 ||   778
 Invoke: Unearth Wretches  |       |       |     1 |       ||     1
         Ancestor Identity |       |       |     1 |       ||     1
         Recall Ancestor   |       |       |       |     2 ||     2
         Ancestor Life: Kn |       |       |       |     1 ||     1
  Evoke: Wand              |       |       |     3 |     1 ||     4
    Use: Scroll            |       |     4 |    14 |     7 ||    25
         Potion            |       |       |     5 |     3 ||     8
 Armour: Leather armour    |     5 |       |       |       ||     5
         Ring mail         |     9 |       |       |       ||     9
         Scale mail        |       |    46 |   203 |    94 ||   343
  Dodge: Dodged            |    33 |    56 |   200 |    90 ||   379
